 Dungeon Crawl Stone Soup version 0.20.1-1-g8b1a95d (webtiles) character file.

1510 HessuHobo the Cleaver (level 8, -7/70 HPs)
             Began as a Minotaur Fighter on Oct 26, 2017.
             Was an Initiate of Trog.
             Mangled by a wyvern (10 damage)
             ... on level 6 of the Dungeon.
             The game lasted 00:11:55 (3814 turns).

HessuHobo the Cleaver (Minotaur Fighter)            Turns: 3814, Time: 00:11:56

Health: -7/70      AC: 10    Str: 22    XL:     8   Next: 53%
Magic:  7/7        EV: 10    Int:  5    God:    Trog [......]
Gold:   338        SH: 10    Dex: 11    Spells: 7/7 levels left

rFire    . . .     SeeInvis .   a - +0 war axe
rCold    + + .     Gourm    .   c - +0 shield
rNeg     . . .     Faith    .   D - +2 ring mail "Acyecaugg" {rC+ rCorr}
rPois    .         Spirit   .   (helmet restricted)
rElec    .         Reflect  .   (no cloak)
rCorr    +         Harm     .   (no gloves)
MR       .....                  x - +1 pair of boots
Stlth    +.........             (no amulet)
Regen    0.3/turn               i - ring of ice
MPRegen  0.1/turn               y - ring of protection from fire

@: lethally poisoned (-7 -> -9)
A: retaliatory headbutt, horns 2
a: Burn Spellbooks, Renounce Religion


You were on level 6 of the Dungeon.
You worshipped Trog.
Trog was noncommittal.
You were full.

You visited 2 branches of the dungeon, and saw 7 of its levels.

You collected 338 gold pieces.

Inventory:

Hand Weapons
 a - a +0 war axe (weapon)
 d - a +1 falchion of slicing
 e - a +0 flail of draining
 q - a cursed +0 dagger
 s - a cursed -3 mace
Armour
 b - a +0 scale mail
 c - a +0 shield (worn)
 m - a +0 chain mail
 x - a +1 pair of boots (worn)
 D - the +2 ring mail "Acyecaugg" (worn) {rC+ rCorr}
   (You found it on level 4 of the Dungeon)

   It protects you from cold.
   It protects you from acid and corrosion.
 F - a +0 robe
Jewellery
 f - an uncursed ring of protection from fire
 i - a ring of ice (left hand)
 n - an uncursed ring of protection from fire
 y - a ring of protection from fire (right hand)
 B - an uncursed ring of stealth
Wands
 C - a wand of confusion (33/48)
Scrolls
 g - 4 scrolls of identify
 h - 2 scrolls of amnesia
 l - a scroll of immolation
 o - 4 scrolls of teleportation
 t - a scroll of enchant weapon {unknown}
 v - 2 scrolls of enchant armour
 w - 3 scrolls of fear
Potions
 k - a potion of curing
 z - a potion of brilliance
 E - a potion of agility {unknown}
Comestibles
 j - a fruit
 p - 4 royal jellies
 r - 3 meat rations
 A - a bread ration


   Skills:
 + Level 5.7 Fighting
 + Level 9.0 Axes
 + Level 5.8 Armour
 + Level 3.5 Dodging
 + Level 0.3 Stealth
 + Level 6.5 Shields


You had 7 spell levels left.
You didn't know any spells.

Dungeon Overview and Level Annotations

Branches:
Dungeon (6/15)             Temple (1/1) D:5

Altars:
Ashenzari
Dithmenos
Elyvilon
Hepliaklqana
Makhleb
Nemelex Xobeh
Okawaru
Ru
Trog
Uskayaw
Vehumet
Xom
Yredelemnul
Zin
The Shining One


Innate Abilities, Weirdness & Mutations

You reflexively headbutt those who attack you in melee.
You have a pair of horns on your head.


Message History

You block the wyvern's attack.
You hit the wyvern but do no damage. Your headbutt misses the wyvern.
The wyvern is moderately wounded.
You feel sick. You block the wyvern's attack. The wyvern bites you.
You barely miss the wyvern.
The wyvern is moderately wounded.
You feel sick. You block the wyvern's attack.
You barely miss the wyvern.
The wyvern is moderately wounded.
The wyvern bites you. The wyvern bites you!
* * * LOW HITPOINT WARNING * * *
You hit the wyvern but do no damage. Your headbutt misses the wyvern.
The wyvern is moderately wounded.
You feel sick. The wyvern bites you!
* * * LOW HITPOINT WARNING * * *
The wyvern bites you but does no damage.
You hit the wyvern but do no damage.
The wyvern is moderately wounded.
The wyvern bites you!
You die...

######## #......#
####......#########
#.........@l≈......
#######.##......#####....
#....##.##......# .
#.##.##.#########
#.##.##.# #.##.##.#
#.##.##.# #.##.##.#######
..##.##.##....#


You could see a wyvern.

Vanquished Creatures
  Edmund (D:4)
  A sky beast (D:6)
  A phantom (D:5)
  3 ogres
  2 centaurs (D:5)
  A bullfrog (D:4)
  2 howler monkeys (D:5)
  2 bullfrog zombies (D:5)
  A crimson imp (D:6)
  A centaur zombie (D:6)
  2 hounds (D:6)
  2 orc priests (D:6)
  A gnoll shaman (D:6)
  2 orc wizards
  4 worker ants
  Terence (D:3)
  6 adders
  3 gnolls (D:6)
  A howler monkey skeleton (D:5)
  An adder skeleton (D:5)
  5 worms
  3 dart slugs
  5 leopard geckos
  9 orcs
  4 ball pythons
  9 giant cockroaches
  6 hobgoblins
  10 jackals
  5 quokkas
  4 bats
  5 frilled lizards
  10 goblins
  3 kobolds
  9 rats
125 creatures vanquished.

Notes
Turn   | Place    | Note
-------+----------+-------------------------------------------
     0 | D:1      | HessuHobo the Minotaur Fighter began the quest for the Orb.
     0 | D:1      | Reached XP level 1. HP: 19/19 MP: 0/0
   218 | D:1      | Reached XP level 2. HP: 27/27 MP: 1/1
   649 | D:2      | Reached skill level 3 in Axes
   685 | D:2      | Reached XP level 3. HP: 32/33 MP: 2/2
   795 | D:2      | Reached XP level 4. HP: 31/40 MP: 3/3
  1277 | D:3      | Reached skill level 4 in Axes
  1603 | D:3      | Noticed Terence
  1607 | D:3      | Reached skill level 1 in Dodging
  1609 | D:3      | Killed Terence
  1609 | D:3      | Reached XP level 5. HP: 39/46 MP: 4/4
  2154 | D:4      | Got a transparent ring mail
  2209 | D:4      | Identified the +2 ring mail "Acyecaugg" {rC+ rCorr} (You found it on level 4 of the Dungeon)
  2238 | D:4      | Noticed Edmund
  2251 | D:4      | Killed Edmund
  2251 | D:4      | Reached skill level 5 in Axes
  2251 | D:4      | Reached skill level 5 in Shields
  2251 | D:4      | Reached XP level 6. HP: 41/53 MP: 5/5
  2894 | D:5      | Entered Level 5 of the Dungeon
  2897 | D:5      | Reached skill level 5 in Armour
  2910 | D:5      | Reached skill level 6 in Axes
  2911 | D:5      | Reached XP level 7. HP: 52/60 MP: 6/6
  2926 | D:5      | Reached skill level 7 in Axes
  2930 | D:5      | Reached skill level 5 in Fighting
  3024 | D:5      | Found a white marble altar of Elyvilon.
  3077 | D:5      | Found a basalt altar of Yredelemnul.
  3233 | D:5      | Found a staircase to the Ecumenical Temple.
  3255 | Temple   | Entered the Ecumenical Temple
  3306 | Temple   | Became a worshipper of Trog the Wrathful
  3339 | D:5      | Reached XP level 8. HP: 68/68 MP: 7/7
  3472 | D:6      | Found a shimmering altar of Xom.
  3505 | D:6      | Found an iron altar of Okawaru.
  3609 | D:6      | Reached skill level 8 in Axes
  3807 | D:6      | Reached skill level 9 in Axes
  3813 | D:6      | HP: 2/70 [wyvern (16)]
  3814 | D:6      | Mangled by a wyvern

Skill      XL: |  1  2  3  4  5  6  7  8 |
---------------+-------------------------+-----
Armour         | 4 5 |  5.8
Axes           | 3 4 5 6 7 9 |  9.0
Shields        | 4 5 6 |  6.5
Fighting       | 4 5 |  5.7
Dodging        | 1 2 3 |  3.5
Stealth        | |  0.3

Action                   |  1- 3 |  4- 6 |  7- 9 || total
-------------------------+-------+-------+-------++-------
Melee: War axe           |   116 |   165 |   128 ||   409
       Headbutt          |    16 |    27 |    23 ||    66
  Use: Scroll            |       |     9 |     7 ||    16
       Potion            |       |     7 |     4 ||    11
  Eat: Chunk             |       |     2 |       ||     2
       Bread ration      |       |     2 |     1 ||     3
Armor: Scale mail        |    32 |       |       ||    32
       Chain mail        |    47 |    56 |       ||   103
       Ring mail         |       |    22 |    51 ||    73
Dodge: Dodged            |    32 |    39 |    40 ||   111
Block: Shield            |    80 |    88 |    72 ||   240
